 Dungeon Crawl Stone Soup version 0.29-a0-6-ga859fcf985 (console) character file.

Game seed: 11102147013909929711

35 Cab the Chopper (level 3, -5/29 HPs)
             Began as a Demonspawn Fighter on Jan 27, 2022.
             Slain by a black bear (6 damage)
             ... on level 2 of the Dungeon.
             The game lasted 00:02:15 (1238 turns).

Cab the Chopper (Demonspawn Fighter)                Turns: 1238, Time: 00:02:15

Health: -5/29      AC:  6    Str: 18    XL:     3   Next: 16%
Magic:  3/3        EV:  9    Int:  9    God:
Gold:   81         SH:  4    Dex: 12    Spells: 2/2 levels left

rFire   . . .      SeeInvis .   a - +0 war axe
rCold   . . .      Faith    .   c - +0 buckler
rNeg    . . .      Spirit   .   b - +0 scale mail
rPois   .          Reflect  .   (helmet restricted)
rElec   .          Harm     .   (no cloak)
rCorr   .          Rampage  .   (no gloves)
Will    .....                   (no boots)
Stlth   ..........              (no amulet)
HPRegen 0.09/turn               (no ring)
MPRegen 0.08/turn               (no ring)

@: no status effects
A: antennae 1, foul stench 1
a: no special abilities


You were on level 2 of the Dungeon.
You visited 1 branch of the dungeon, and saw 2 of its levels.

You collected 81 gold pieces.

Inventory:

Hand Weapons
 a - a +0 war axe (weapon)
Armour
 b - a +0 scale mail (worn)
 c - a +0 buckler (worn)
Scrolls
 e - a scroll of summoning {unknown}
 f - a scroll of teleportation {unknown}
 h - a scroll of identify {unknown}
Potions
 d - a potion of might
 g - a potion of heal wounds {unknown}
 i - a potion of curing {unknown}


   Skills:
 - Level 3.0 Fighting
 + Level 3.3 Axes
 - Level 2.6 Armour
 - Level 2.6 Shields


You had 2 spell levels left.
You didn't know any spells.
Your spell library was empty.

Dungeon Overview and Level Annotations

Branches:
Dungeon (2/15)

Altars:


Innate Abilities, Weirdness & Mutations

You have a pair of small antennae on your head.
You may rarely emit foul miasma when damaged in melee.


Message History

The black bear claws you but does no damage.
The black bear closely misses you.
You barely miss the black bear.
The black bear is moderately wounded.
You block the black bear's attack.
The black bear claws you but does no damage.
The black bear closely misses you.
The black bear bites you but does no damage.
The black bear claws you. The black bear closely misses you.
You barely miss the black bear.
The black bear is moderately wounded.
The black bear barely misses you. x2; The black bear misses you.
Press: ? - help, v - describe, . - travel
Here: a black bear (moderately wounded)
The floor, spattered with blood.
You hit the black bear.
The black bear is heavily wounded.
The black bear bites you but does no damage.
The black bear barely misses you.
The black bear claws you but does no damage.
You slash the black bear!
The black bear is almost dead.
The black bear goes berserk!
The black bear closely misses you. The black bear barely misses you.
The black bear claws you but does no damage.
You hit the black bear but do no damage.
The black bear is almost dead.
The black bear bites you.
The black bear claws you but does no damage.
The black bear claws you. The black bear bites you!
* * * LOW HITPOINT WARNING * * *
The black bear barely misses you. The black bear claws you.
* * * LOW HITPOINT WARNING * * *
Press: ? - help, v - describe, . - travel
Here: a black bear (severely wounded, berserk)
The floor, spattered with blood.
You hit the black bear.
The black bear is almost dead.
The black bear bites you.
You die...

▒∙▒ ▒∙▒ ▒∙▒ ▒∙▒ ▒∙▒
▒▒∙▒▒ ▒∙▒
∙∙∙∙∙∙▒▒▒▒∙▒▒▒▒▒▒▒▒
∙∙∙∙∙∙h@∙∙∙∙∙∙∙∙∙∙▒
∙▒∙▒▒∙▒▒▒▒▒∙▒▒▒▒▒∙▒▒▒▒
∙∙ ∙∙▒ ▒∙▒ ▒∙▒▒∙▒▒▒
∙▒▒∙▒∙▒▒▒▒▒∙▒ ▒∙∙∙∙∙∙∙
∙∙∙∙∙▒∙∙∙∙∙▒ ▒∙▒▒∙▒▒▒
▒∙∙∙▒▒∙▒▒▒∙▒▒▒▒▒∙▒▒▒▒
▒∙∙∙▒▒∙▒▒▒∙∙∙∙∙∙∙▒▒▒
▒>∙∙▒▒∙▒▒∙∙∙∙∙∙∙∙∙∙▒
▒∙∙∙▒▒∙▒▒∙▒∙▒∙▒▒▒▒∙▒▒▒▒


You could see a black bear (berserk).

Vanquished Creatures
  An adder (D:2)
  2 dart slugs (D:2)
  A ball python (D:1)
  A bat (D:1)
  2 endoplasms (D:1)
  2 giant cockroaches (D:1)
  3 hobgoblins
  A frilled lizard (D:1)
  3 goblins
  A kobold (D:1)
  4 rats
21 creatures vanquished.

Notes
Turn   | Place    | Note
-------+----------+-------------------------------------------
     0 | D:1      | Cab the Demonspawn Fighter began the quest for the Orb.
     0 | D:1      | Reached XP level 1. HP: 18/18 MP: 1/1
   691 | D:1      | Gained mutation: You may rarely emit foul miasma when
                  | damaged in melee. [demonic ancestry]
   691 | D:1      | Reached XP level 2. HP: 21/24 MP: 2/2
  1095 | D:2      | Gained mutation: You have a pair of small antennae on your
                  | head. [demonic ancestry]
  1095 | D:2      | Reached XP level 3. HP: 27/29 MP: 3/3
  1228 | D:2      | Noticed a black bear
  1237 | D:2      | HP: 1/29 [black bear (5)]
  1238 | D:2      | Slain by a black bear

Illustrated notes

Levels and vault maps discovered:
D:1:      dpeg_arrival_oval, layout_loops_ring, minmay_misc_feat_ornament,
          chequers_serial_rivers_micro_c, minivault_23, minmay_misc_feat_square,
          minmay_pentomino_u4
D:2:      layout_loops_cross, shapermc_ecumenical_altar_venn

Skill      XL: |  1  2 |
---------------+-------+-----
Axes           | 2 3 |  3.3
Fighting       | |  3.0
Armour         | |  2.6
Shields        | |  2.6

Action                   || total
-------------------------++-------
Melee: War axe           ||    62
Armor: Scale mail        ||    42
Dodge: Dodged            ||    31
Block: Buckler           ||    13

Table legend: (Time is in decaauts)
 A = Elapsed time spent in this place.
 B = Non-inter-level travel time spent in this place.
 C = Inter-level travel time spent in this place.
 D = Time resting spent in this place.
 E = Time spent auto-exploring this place.
 F = Levels seen in this place.
 G = Mean time per level.
                   A        B        C        D        E       F      G
               +--------+--------+--------+--------+--------+-----+--------+
         Total |   1264 |   1176 |     88 |      0 |    980 |   2 |  632.0 |
       Dungeon |   1264 |   1176 |     88 |      0 |    980 |   2 |  632.0 |
               +--------+--------+--------+--------+--------+-----+--------+

Top non-repeatable levels by time:
     D:1: 1038 daAuts
     D:2: 225 daAuts
